 Dungeon Crawl Stone Soup version 0.28.0 (webtiles) character file.

Game seed: 16410428318081156749

58 horus123 the Magician (level 3, -2/24 HPs)
             Began as a Mummy Necromancer on Feb 9, 2022.
             Was a Follower of Sif Muna.
             Slain by a black bear (5 damage)
             ... on level 2 of the Dungeon.
             The game lasted 00:04:32 (1735 turns).

horus123 the Magician (Mummy Necromancer)           Turns: 1735, Time: 00:04:33

Health: -2/24      AC:  2    Str: 11    XL:     3   Next: 75%
Magic:  1/9        EV: 12    Int: 16    God:    Sif Muna [*.....]
Gold:   95         SH:  0    Dex: 12    Spells: 8/12 levels left

rFire   x . .      SeeInvis .   b - +1 dagger (venom)
rCold   + . .      Faith    .   (no shield)
rNeg    + + +      Spirit   .   a - +0 robe
rPois   ∞          Reflect  .   (no helmet)
rElec   .          Harm     .   (no cloak)
rCorr   .          Rampage  .   (no gloves)
Will    .....                   (no boots)
Stlth   ++........              (no amulet)
HPRegen 0.08/turn               (no ring)
MPRegen 0.11/turn               (no ring)

@: no status effects
A: cold resistance 1, negative energy resistance 3, torment resistance 2, heat
vulnerability 1, no potions
a: Renounce Religion, Channel Magic


You were on level 2 of the Dungeon.
You worshipped Sif Muna.
Sif Muna was aware of your devotion.
You visited 1 branch of the dungeon, and saw 2 of its levels.

You collected 95 gold pieces.

Inventory:

Hand Weapons
 b - a +1 dagger of venom (weapon)
Armour
 a - a +0 robe (worn)
Scrolls
 e - a scroll of teleportation


   Skills:
 - Level 1.5 Dodging
 - Level 1.5 Stealth
 - Level 5.0 Spellcasting
 + Level 4.1 Necromancy


You had 8 spell levels left.
You knew the following spells:

 Your Spells              Type           Power      Damage    Failure   Level
a - Pain                  Necr           68%        1d7       2%          1
b - Vampiric Draining     Necr           17%        2d7       9%          3

Your spell library contained the following spells:

 Spells                   Type           Power      Damage    Failure   Level
 Animate Skeleton         Necr           34%        N/A       2%          1
 Animate Dead             Necr           8%         N/A       28%         4
 Agony                    Necr           17%        N/A       61%         5


Dungeon Overview and Level Annotations

Branches:
Dungeon (2/15)

Altars:
Sif Muna


Innate Abilities, Weirdness & Mutations

You are immune to poison.
Your flesh is cold resistant. (rC+)
You are immune to negative energy. (rN+++)
You are immune to unholy pain and torment.
You are vulnerable to heat. (rF-)
You do not drink.


Message History

Found a dagger.
A black bear comes into view.
The black bear growls angrily.
The black bear writhes in agony.
The black bear struggles to resist.
A ball python comes into view.
The black bear struggles to resist.
The ball python hisses angrily.
The black bear writhes in agony.
Casting: Pain (safe; 2% risk of failure)
Confirm with . or Enter, or press ? or * to list all spells.
The spell is quite dangerous to miscast (9% risk of failure)!
Continue anyway?
Aiming: Vampiric Draining (quite dangerous; 9% risk of failure)
Press: ? - help, Shift-Dir - straight line, f/p - black bear
Aim: a black bear (lightly wounded)
You draw life force from the black bear.
The black bear bites you! The black bear barely misses you. x2
The black bear writhes in agony!
The black bear barely misses you. The black bear claws you.
The black bear barely misses you.
Casting: Pain (safe; 2% risk of failure)
Confirm with . or Enter, or press ? or * to list all spells.
You don't have enough magic to cast this spell.
The black bear writhes in agony.
The black bear barely misses you. The black bear claws you.
The black bear barely misses you.
You barely miss the black bear.
The black bear is severely wounded.
The black bear bites you. The black bear claws you.
* * * LOW HITPOINT WARNING * * *
The black bear claws you.
* * * LOW HITPOINT WARNING * * *
You barely miss the black bear.
The black bear is severely wounded.
The black bear bites you but does no damage.
The black bear claws you.
* * * LOW HITPOINT WARNING * * *
The black bear closely misses you.
Unknown command.
The black bear bites you but does no damage.
The black bear closely misses you. The black bear claws you.
You die...

## #..# #... .#
#..######..#
.#######..........#
.................#
.#########..####.# .#
##.####.# #
.##########.##.#S##.#.##
................h.......
.......(........@.......
.##########..#.#.#######
.# ##.#.#.# .#####
....#.# .....# ##.#....
.###.# #.###.# .# #)#
#.# .# #.# .#


You could see a black bear and a ball python.

Vanquished Creatures
  An adder (D:2)
  A worm (D:2)
  4 bats (D:1)
  5 endoplasms
  7 goblins
  6 hobgoblins
  3 jackals (D:1)
  3 kobolds (D:1)
  2 quokkas (D:1)
  4 ball pythons
  3 frilled lizards
39 creatures vanquished.

Vanquished Creatures (others)
  5 demonic plants (D:1)
  4 fungi (D:1)
  4 plants (D:1)
  5 withered plants (D:1)
18 creatures vanquished.

Grand Total: 57 creatures vanquished

Notes
Turn   | Place    | Note
-------+----------+-------------------------------------------
     0 | D:1      | horus123 the Mummy Necromancer began the quest for the Orb.
     0 | D:1      | Reached XP level 1. HP: 13/13 MP: 4/4
   139 | D:1      | Reached skill level 3 in Spellcasting
   317 | D:1      | Reached XP level 2. HP: 19/19 MP: 1/6
   434 | D:1      | Reached skill level 4 in Spellcasting
   468 | D:1      | Found a faded altar of an unknown god.
   587 | D:1      | Prayed at the altar of an unknown god.
   587 | D:1      | Became a worshipper of Sif Muna the Loreminder
   587 | D:1      | Reached * piety under Sif Muna
   737 | D:1      | Reached XP level 3. HP: 24/24 MP: 3/8
   904 | D:1      | Learned a level 3 spell: Vampiric Draining
  1238 | D:2      | Reached skill level 5 in Spellcasting
  1723 | D:2      | Noticed a black bear
  1735 | D:2      | Slain by a black bear

Illustrated notes

Levels and vault maps discovered:
D:1:      sevenhm_arrival_forest_fort_small_3, layout_rooms,
          shapermc_ecumenical_altar_gd, minmay_indecisive_spiral
D:2:      layout_basic

Skill      XL: |  1  2  3 |
---------------+----------+-----
Spellcasting   | 3 4 5 |  5.0
Dodging        | |  1.5
Stealth        | |  1.5
Necromancy     | |  4.1

Action                   || total
-------------------------++-------
Melee: Unarmed           ||     1
       Dagger            ||    13
 Cast: Pain              ||    78
       Vampiric Draining ||     1
  Use: Scroll            ||     2
Armor: Robe              ||     8
Dodge: Dodged            ||    33
